 Dungeon Crawl Stone Soup version 0.18.1-48-g4cf74bf (webtiles) character file.

120 Metae the Ducker (level 4, 0/34 HPs)
             Began as a Demonspawn Gladiator on July 6, 2016.
             Slain by Purgy (2 damage)
             ... in a sewer.
             The game lasted 00:10:50 (1753 turns).

Metae the Ducker (Demonspawn Gladiator)             Turns: 1753, Time: 00:10:51

Health: 0/34       AC:  7    Str: 15    XL:     4   Next: 75%
Magic:  4/4        EV: 10    Int: 10    God:
Gold:   177        SH:  0    Dex: 14    Spells: 0 memorised, 3 levels left

rFire  . . .     SeeInvis .     a - +0 trident
rCold  . . .     Gourm    .     q - +0 scale mail
rNeg   . . .     Faith    .     (no shield)
rPois  +         Spirit   .     c - +0 helmet
rElec  .         Dismiss  .     (no cloak)
rCorr  .         Reflect  .     (no gloves)
SustAt .         Harm     .     (no boots)
MR     .....                    (no amulet)
Stlth  +.........               (no ring)
                                p - ring of poison resistance

@: not resistant to hostile enchantments, very unstealthy
A: powered by death 2
a: no special abilities


You were in a sewer.
You were hungry.

You visited 1 branch of the dungeon, and saw 3 of its levels.
You also visited: Sewer.

You collected 177 gold pieces.

Inventory:

Hand Weapons
 a - a +0 trident (weapon)
 m - a +0 hand axe
 n - a +0 hunting sling
 r - a +0 hunting sling
Missiles
 d - 3 throwing nets (quivered)
Armour
 c - a +0 helmet (worn)
 q - a +0 scale mail (worn)
Jewellery
 p - a ring of poison resistance (left hand)
Scrolls
 b - a scroll of enchant weapon {unknown}
 h - a scroll of remove curse {unknown}
 o - a scroll of identify {unknown}
Potions
 e - 2 potions of brilliance {unknown}
 g - 2 potions of degeneration {unknown}
 j - 2 potions of cancellation {unknown}
 k - a potion of might {unknown}
Comestibles
 f - a bread ration
 i - 5 chunks of flesh
 l - 4 fruits


   Skills:
 * Level 2.9 Fighting
 + Level 2.9 Polearms
 + Level 2.4 Throwing
 * Level 1.5 Armour
 + Level 3.0 Dodging
 + Level 1.7 Stealth


You had 3 spell levels left.
You didn't know any spells.

Dungeon Overview and Level Annotations

Branches:
Dungeon (3/15)

Altars:
Sif Muna
Yredelemnul

Annotations:
Sewer Purgy


Innate Abilities, Weirdness & Mutations

You regenerate health from kills.


Message History

You closely miss Purgy.
Purgy is lightly wounded.
Purgy bites you but does no damage. Purgy claws you. x2
You barely miss Purgy.
Purgy is lightly wounded.
Purgy bites you. Purgy claws you but does no damage. Purgy barely misses you.
You hit Purgy but do no damage.
Purgy is lightly wounded.
Purgy bites you. Purgy claws you but does no damage. Purgy barely misses you.
Purgy bites you.
* * * LOW HITPOINT WARNING * * *
Purgy claws you but does no damage. x2
There is an empty arch of ancient stone here.
Purgy bites you!
* * * LOW HITPOINT WARNING * * *
Purgy claws you but does no damage. Purgy closely misses you.
Some of the chunks of flesh in your inventory have rotted away.
Purgy looks around nervously.
Purgy bites you.
You die...

### #.# #.#
#+##+##+##'##+##+##+#
###...................##
≈≈#≈≈≈≈≈≈≈≈≈.≈≈≈≈≈≈≈≈≈#≈
≈≈#≈≈≈≈≈≈≈≈≈∩≈≈≈≈≈≈≈≈≈#≈
≈≈#≈≈≈≈≈≈≈≈≈.≈≈≈≈≈≈≈≈≈#≈
###............T@.....#
#+##+##+##.##+##+##+#
#.# #∩# ###


You could see Purgy.

Vanquished Creatures
  5 adders
  2 oozes (D:1)
  3 dart slugs
  2 giant geckos
  5 giant cockroaches
  6 hobgoblins
  A quokka (D:2)
  9 bats
  3 giant newts (D:1)
  4 goblins
  12 kobolds
  9 rats
  A plant (D:1)
62 creatures vanquished.

Vanquished Creatures (others)
  A plant (D:1)
1 creature vanquished.

Grand Total: 63 creatures vanquished

Notes
Turn   | Place    | Note
--------------------------------------------------------------
     0 | D:1      | Metae the Demonspawn Gladiator began the quest for the Orb.
     0 | D:1      | Reached XP level 1. HP: 16/16 MP: 1/1
   316 | D:1      | Gained mutation: You regenerate a little health from kills. [demonic ancestry]
   316 | D:1      | Reached XP level 2. HP: 11/23 MP: 2/2
   372 | D:1      | Reached skill level 1 in Armour
   474 | D:1      | Reached skill level 1 in Stealth
   632 | D:1      | Gained mutation: You regenerate health from kills. [demonic ancestry]
   632 | D:1      | Reached XP level 3. HP: 23/28 MP: 3/3
  1099 | D:2      | Reached XP level 4. HP: 13/34 MP: 4/4
  1522 | D:2      | Reached skill level 3 in Dodging
  1533 | D:2      | Found a deep blue altar of Sif Muna.
  1638 | D:3      | Found a basalt altar of Yredelemnul.
  1671 | D:3      | Found a glowing drain.
  1710 | Sewer    | Entered a sewer
  1739 | Sewer    | Noticed Purgy
  1753 | Sewer    | Slain by Purgy

Skill      XL: |  1  2  3  4 |
---------------+-------------+-----
Throwing       | 2 |  2.4
Armour         | 1 |  1.5
Stealth        | 1 |  1.7
Dodging        | 3 |  3.0
Fighting       | |  2.9
Polearms       | |  2.9

Action                   |  1- 3 |  4- 6 || total
-------------------------+-------+-------++-------
Melee: Trident           |   247 |    87 ||   334
 Stab: Sleeping          |     2 |       ||     2
       Distracted        |     1 |       ||     1
  Eat: Chunk             |     1 |     2 ||     3
Armor: Leather armour    |    56 |     2 ||    58
       Scale mail        |       |    51 ||    51
Dodge: Dodged            |   124 |    60 ||   184
